AoeStats
← Mjaguar

Arabia

509604594Analyzed
2v2 RM · 4d ago on Sep 27, 2026· 33m 36s· 4 players
Game mode
Random Map
Map size
Medium (4 player)
Population
200
Speed
Normal
Resources
Standard
Victory
Conquest
Starting age
Dark Age
Ending age
Imperial Age
RankedLock teamsTeams togetherTeam positionsShared explorationLock speedFull tech treeHidden civsTurbo modeCheats
Victory
Defeat
🇨🇳 Mongols · China
1017
+18
🇨🇳 Spanish · China
996
+19
🇪🇸 Magyars · Spain
1084
-20
🇪🇸 Aztecs · Spain
1025
-17
Mjaguar
6:50 Loom
9:09 Feudal Age
13:09 Scale Barding Armor
21:34 Castle Age
19:52 Double-Bit Axe
20:01 Horse Collar
21:21 Bloodlines
22:19 Husbandry
25:01 Chain Barding Armor
27:35 Fletching
27:45 Padded Archer Armor
28:16 Bodkin Arrow
KnGrathy
0:43 Loom
11:30 Feudal Age
13:58 Arson
14:02 Double-Bit Axe
18:09 Castle Age
16:46 Horse Collar
18:27 Scale Mail Armor
22:53 Bow Saw
22:59 Fletching
23:12 Padded Archer Armor
23:43 Fervor
29:03 Bodkin Arrow
29:20 Forging
会飞的母牛
6:51 Loom
8:40 Feudal Age
15:55 Castle Age
14:00 Double-Bit Axe
16:58 Fletching
19:07 Bloodlines
27:15 Padded Archer Armor
29:42 Bloodlines
32:44 Imperial Age
30:39 Bloodlines
1210435972
9:45 Feudal Age
10:34 Double-Bit Axe
12:20 Loom
22:57 Wheelbarrow
24:48 Castle Age
24:28 Fletching
24:52 Pikeman
25:33 Squires
30:16 Padded Archer Armor
Connection lost

Rejoining the realm…

Still unreachable

The connection could not be restored.

Session expired

The server has moved on; the page needs a fresh start.